 Dungeon Crawl Stone Soup version 0.25.1-2-g60ff931df9 (webtiles) character file.

Game seed: 4399362231381638220

51 hawla the Skirmisher (level 3, -2/34 HPs)
             Began as a Minotaur Fighter on Oct 25, 2020.
             Slain by a kobold
             ... wielding a +0 dagger
              (3 damage)
             ... on level 3 of the Dungeon.
             The game lasted 00:05:26 (2287 turns).

hawla the Skirmisher (Minotaur Fighter)             Turns: 2287, Time: 00:05:27

Health: -2/34      AC:  2    Str: 18 (21) XL:     3   Next: 58%
Magic:  2/2        EV: 12    Int:  3 (5)  God:
Gold:   107        SH:  0    Dex:  6 (9)  Spells: 2/2 levels left

rFire    . . .     SeeInvis .   a - +1 long sword
rCold    . . .     Gourm    .   (no shield)
rNeg     . . .     Faith    .   i - +0 robe
rPois    .         Spirit   .   (helmet restricted)
rElec    .         Reflect  .   (no cloak)
rCorr    .         Harm     .   (no gloves)
MR       .....                  (no boots)
Stlth    +.........             (no amulet)
HPRegen  0.11/turn              (no ring)
MPRegen  0.08/turn              (no ring)

@: mighty, hasted (expiring), very quick
A: retaliatory headbutt, horns 2
a: no special abilities


You were on level 3 of the Dungeon.
You were not hungry.

You visited 1 branch of the dungeon, and saw 3 of its levels.

You collected 107 gold pieces.

Inventory:

Hand Weapons
 a - a +1 long sword (weapon)
Missiles
 l - 21 poisoned darts (quivered)
Armour
 b - a +0 scale mail
 c - a +0 ring mail
 i - a +0 robe (worn)
 p - a +0 plate armour
Scrolls
 g - a scroll of teleportation
 o - 3 scrolls of identify
Potions
 e - a potion of mutation
 j - 3 potions of haste
Comestibles
 f - a ration
 h - 7 chunks of flesh


   Skills:
 + Level 4.3 Fighting
 + Level 3.1 Long Blades
 - Level 3.6 Armour
 * Level 2.2 Dodging
 + Level 0.1 Stealth
   Level 3.6 Shields


You had 2 spell levels left.
You didn't know any spells.
Your spell library was empty.

Dungeon Overview and Level Annotations

Branches:
Dungeon (3/15)

Altars:

Annotations:
D:3 Ijyb


Innate Abilities, Weirdness & Mutations

You reflexively headbutt those who attack you in melee.
You have a pair of horns on your head.


Message History

Ijyb misses you.
You riposte.
You completely miss Ijyb. Your headbutt misses Ijyb.
Ijyb is severely wounded.
You closely miss Ijyb.
Ijyb is severely wounded.
Ijyb hits you.
* * * LOW HITPOINT WARNING * * *
The hobgoblin barely misses you. You furiously retaliate!
You headbutt the hobgoblin!!
You kill the hobgoblin!
Ijyb closely misses you.
You closely miss Ijyb.
Ijyb is severely wounded.
Ijyb is no longer moving quickly.
Ijyb hits you.
* * * LOW HITPOINT WARNING * * *
You closely miss Ijyb. Your headbutt misses Ijyb.
Ijyb is severely wounded.
Your extra speed is starting to run out.
The kobold hits you with a +0 dagger.
You die...

.....###....#.............
............#.............
..............#.......''..
..............#.......##..
..............#.......##..
.....####.....#.......##..
..... #.....####'#####..
.... #gK...# #.# #.. ....
#@....# #.# #.. ...
#.....# #.# #.. #.....#
#.# ### ####### #.. ###


You could see Ijyb and a kobold.

Vanquished Creatures
  An ooze (D:1)
  2 dart slugs (D:1)
  An orc (D:3)
  A giant cockroach (D:3)
  7 hobgoblins
  3 jackals (D:2)
  A quokka (D:2)
  A ball python (D:1)
  5 bats
  3 frilled lizards
  4 goblins
  6 kobolds
  7 rats
42 creatures vanquished.

Notes
Turn   | Place    | Note
-------+----------+-------------------------------------------
     0 | D:1      | hawla the Minotaur Fighter began the quest for the Orb.
     0 | D:1      | Reached XP level 1. HP: 19/19 MP: 0/0
   470 | D:1      | Reached skill level 4 in Fighting
   470 | D:1      | Reached skill level 1 in Dodging
   470 | D:1      | Reached XP level 2. HP: 17/27 MP: 1/1
  1052 | D:2      | Reached XP level 3. HP: 23/33 MP: 2/2
  2246 | D:3      | Noticed Ijyb
  2286 | D:3      | HP: 1/34 [Ijyb (1)]
  2287 | D:3      | Slain by a kobold

Illustrated notes

Levels and vault maps discovered:
D:1:      minmay_arrival_glassed_features, layout_loops_ring
D:2:      layout_loops_ring
D:3:      layout_basic, minivault_14, uniq_ijyb

Skill      XL: |  1  2  3 |
---------------+----------+-----
Fighting       | 4 |  4.3
Dodging        | 1 2 |  2.2
Long Blades    | 3 |  3.1
Armour         | |  3.6
Stealth        | |  0.1
Shields        | |  3.6

Action                   || total
-------------------------++-------
Melee: Long sword        ||    94
       Headbutt          ||    14
  Use: Scroll            ||     7
       Potion            ||     5
 Stab: Sleeping          ||     1
  Eat: Chunk             ||     2
       Ration            ||     1
Armor: Robe              ||    16
Dodge: Dodged            ||    80
       Rpst.: Long sword ||    16
